 Dungeon Crawl Stone Soup version 0.31.0-1-g2c135a008e (webtiles) character file.

Game seed: 13537951672135275288

259 qw the Shooter (level 6, 0/46 HPs)
             Began as a Djinni Hunter on Jan 23, 2024.
             Slain by an orc wizard
             ... wielding a +1 dagger of distortion
              (2 damage)
             ... on level 4 of the Dungeon.
             The game lasted 00:00:13 (3328 turns).

qw the Shooter (Djinni Hunter)                      Turns: 3328, Time: 00:00:14

Health: 0/46       AC: 10    Str: 10    XL:     6   Next: 40%
Gold:   117        EV: 11    Int: 10    God:
                   SH:  0    Dex: 19

rFire   + + .        a - +0 shortbow
rCold   x . .        (shield currently unavailable)
rNeg    . . .        h - +0 ring mail
rPois   inf          (no helmet)
rElec   .            e - +0 cloak
rCorr   .            (no gloves)
SInv    .            (boots unavailable)
Will    .....        (no amulet)
Stlth   +            i - +4 ring of protection
HPRegen 0.27/turn    (no ring)
MPRegen 0.00/turn

%: infuse magic (-1 HP)
@: about to teleport, flying
A: sickness immunity, fire resistance 2, cold vulnerability 1, float, innate
caster, HP casting, extra vitality 1
a: no special abilities


You were on level 4 of the Dungeon.
You visited 1 branch of the dungeon, and saw 4 of its levels.

You collected 117 gold pieces.


Innate Abilities, Weirdness & Mutations

You are immune to sickness and miasma.
You are immune to poison.
Your flesh is very heat resistant. (rF++)
You are vulnerable to cold. (rC-)
You float through the air rather than walking.
You learn spells naturally, not from books.
Your magical power is your life essence.
You have superior vitality. (+4 MHP)


   Skills:
 + Level 3.5 Fighting
 - Level 5.0 Ranged Weapons
 - Level 1.2 Armour
 - Level 3.0 Dodging
 - Level 0.7 Stealth


You knew the following spells:

 Your Spells              Type           Power      Damage    Failure   Level
a - Sandblast             Erth           0%         2d4       67%         1
b - Call Imp              Summ           0%         N/A       82%         2
Your spell library was empty.

Inventory:

Hand Weapons
 a - a +0 shortbow (weapon)
Armour
 e - a +0 cloak (worn)
 h - a +0 ring mail (worn)
Jewellery
 i - a +4 ring of protection (left hand)
Scrolls
 f - 3 scrolls of teleportation
 m - 3 scrolls of identify {unknown}
Potions
 b - a potion of resistance {unknown}
 c - a potion of mutation {unknown}
 d - a potion of brilliance {unknown}
 g - 2 potions of lignification {unknown}
 j - 2 potions of curing {unknown}
 k - a potion of haste {unknown}
 l - a potion of attraction {unknown}

Dungeon Overview and Level Annotations

Branches:
Dungeon (4/15)
 Temple: D:4-7

Altars:
Fedhas
Gozag
Nemelex Xobeh

Shops:
D:3 [


Message History

The orc priest looks encouraged for a moment.
You shoot an arrow. The arrow completely misses the orc.
The arrow barely misses the orc.
The arrow hits the howler monkey.
The howler monkey is lightly wounded.
The howler monkey hoots and howls with incredible vigour!
The orc throws a boomerang.
The boomerang hits you.
You hear a shout!
You hear a howl!
You shoot an arrow. The arrow hits the orc.
The orc is moderately wounded.
The orc throws a boomerang.
The boomerang hits you.
You hear some strange, mumbled words.
Something tries to affect you, but you resist.
You shoot an arrow. The arrow hits the orc.
You kill the orc!
Something hits you but does no damage. Space warps around you.
You shoot an arrow. The arrow hits the orc.
The orc is severely wounded.
Something hits you but does no damage. Space warps around you.
You hear some strange, mumbled words.
A magic dart appears from out of thin air!
The magic dart hits you! The orc closely misses you.
3326 ||| READING 4 scrolls of teleportation.
As you read the scroll of teleportation, it crumbles to dust.
You feel strangely unstable. Something hits you but does no damage.
Space warps around you. The orc hits you with a +0 hand axe.
The howler monkey hoots and howls with incredible vigour!
You hear a howl!
You shoot an arrow.
The arrow hits the orc but does no damage.
The orc is severely wounded.
You hear some strange, mumbled words.
Something tries to affect you, but you resist.
The orc hits you but does no damage.
You shoot an arrow. The arrow barely misses the orc.
The arrow closely misses the howler monkey.
The arrow barely misses the orc.
The arrow hits the orc priest.
The orc priest is lightly wounded.
Something hits you.
You die...

#.####.# ###### #.#
#.. #....## #.# ###
##.#.)# ##.# #
#.##.######..## #
#.##..........#####
#.##........#....##
#.##.#####..####...
#{@#.# ##...###...
##o#.## #.......)..
#h#....#).#.......
#o####.#..######..
.o# #...## ##.. ..#
#....## #)..
...#....#..####...
..#...##.##...##...
...# .. ###......


You could see a howler monkey (catching breath), an orc priest and 2 orcs.

Vanquished Creatures
  A hound (D:4)
  2 jellies
  A bombardier beetle (D:3)
  4 gnolls (D:2)
  2 adders (D:3)
  2 ribbon worms
  7 orcs
  4 ball pythons
  6 endoplasms
  3 giant cockroaches
  6 goblins
  5 hobgoblins
  6 kobolds
  5 quokkas
  7 bats
  4 frilled lizards
  8 rats
73 creatures vanquished.

Notes
Turn   | Place    | Note
-------+----------+-------------------------------------------
     0 | D:1      | qw the Djinni Hunter began the quest for the Orb.
     0 | D:1      | Reached XP level 1. HP: 18/18 MP: 0/0
     0 | D:1      | 0 ||| qw: Version: 0.3-a-134-g2ba4250
     0 | D:1      | 0 ||| qw: Game counter: 687
     0 | D:1      | 0 ||| qw: Melee chars always use a shield: true
     0 | D:1      | 0 ||| qw: God list: Okawaru
     0 | D:1      | 0 ||| qw: Allow faded altars: false
     0 | D:1      | 0 ||| qw: Do Orc after clearing Dungeon:15 true
     0 | D:1      | 0 ||| qw: Do second Lair branch before Depths: true
     0 | D:1      | 0 ||| qw: Lair rune preference: random
     0 | D:1      | 0 ||| qw: Goals: Normal
     0 | D:1      | 0 ||| PLANNING D:1-11
    60 | D:1      | Reached XP level 2. HP: 23/23 MP: 0/0
   358 | D:1      | Reached XP level 3. HP: 28/28 MP: 0/0
   358 | D:1      | Learned a level 1 spell: Sandblast
   383 | D:1      | Reached skill level 4 in Ranged Weapons
   891 | D:1      | 891 ||| UPGRADING to +0 cloak.
   896 | D:1      | 896 ||| UPGRADING to +0 ring mail.
   906 | D:1      | 906 ||| DROPPING +0 leather armour.
   907 | D:1      | 907 ||| UPGRADING to +4 ring of protection.
   908 | D:1      | 908 ||| READING scroll labelled ARONLU JORUACW.
   911 | D:1      | 911 ||| READING scroll labelled VICAATIKHLU.
   965 | D:1      | 965 ||| DROPPING scroll of butterflies.
  1004 | D:2      | 1004 ||| RETREEEEATING.
  1007 | D:2      | Reached skill level 1 in Armour
  1015 | D:2      | HP: 6/29 [gnoll/+0 flail (3)]
  1019 | D:2      | Reached XP level 4. HP: 8/34 MP: 0/0
  1020 | D:2      | Reached skill level 3 in Fighting
  1783 | D:2      | Found a faded altar of an unknown god.
  1966 | D:2      | 1966 ||| READING scroll labelled CEUBEYHITI.
  2067 | D:2      | 2067 ||| READING scroll labelled QEV WUWYEV.
  2118 | D:3      | Found Byocy's Antique Armour Shop.
  2132 | D:3      | 2132 ||| SHOPLISTING pair of gloves (90 gold, have 56).
  2187 | D:3      | Reached XP level 5. HP: 37/40 MP: 0/0
  2187 | D:3      | Learned a level 2 spell: Call Imp
  2197 | D:3      | 2197 ||| FLEEEEING.
  2198 | D:3      | 2198 ||| FLEEEEING.
  2200 | D:3      | 2200 ||| FLEEEEING.
  2201 | D:3      | 2201 ||| FLEEEEING.
  2202 | D:3      | 2202 ||| FLEEEEING.
  2203 | D:3      | 2203 ||| FLEEEEING.
  2347 | D:3      | Reached skill level 5 in Ranged Weapons
  2824 | D:3      | 2824 ||| DROPPING ring of wizardry.
  2874 | D:4      | Reached skill level 3 in Dodging
  2874 | D:4      | Reached XP level 6. HP: 33/46 MP: 0/0
  2882 | D:4      | 2882 ||| FLEEEEING.
  2883 | D:4      | 2883 ||| FLEEEEING.
  2884 | D:4      | 2884 ||| FLEEEEING.
  2885 | D:4      | 2885 ||| FLEEEEING.
  2886 | D:4      | 2886 ||| FLEEEEING.
  2887 | D:4      | 2887 ||| FLEEEEING.
  2889 | D:4      | 2889 ||| FLEEEEING.
  2890 | D:4      | 2890 ||| FLEEEEING.
  2891 | D:4      | 2891 ||| FLEEEEING.
  2892 | D:4      | 2892 ||| FLEEEEING.
  2893 | D:4      | 2893 ||| STAIRDANCE
  2937 | D:4      | HP: 11/46 [acid (4)]
  2938 | D:4      | 2938 ||| READING 3 scrolls of teleportation.
  2938 | D:4      | HP: 4/46 [acid (6)]
  3264 | D:4      | Found a sparkling altar of Nemelex Xobeh.
  3264 | D:4      | Found an opulent altar of Gozag.
  3277 | D:4      | Found a blossoming altar of Fedhas.
  3325 | D:4      | HP: 3/46 [something/magic dart (9)]
  3326 | D:4      | 3326 ||| READING 4 scrolls of teleportation.
  3328 | D:4      | Slain by an orc wizard

Levels and vault maps discovered:
D:1:      shiori_arrival_elements, layout_basic,
          amcnicky_mini_rare_corridor_liquid, minmay_tall_x
D:2:      layout_loops_corners, shapermc_ecumenical_altar_totnotflames
D:3:      layout_rooms, serial_shops, shop, serial_bayou_pond_a, corexii_shack
D:4:      layout_rooms, nicolae_overflow_quartered_altars, uniq_ijyb

Skill      XL: |  1  2  3  4  5 |
---------------+----------------+-----
Ranged Weapons | 4 5 |  5.0
Armour         | 1 |  1.2
Fighting       | 3 |  3.5
Dodging        | 3 |  3.0
Stealth        | |  0.7

Action                     |  1- 3 |  4- 6 || total
---------------------------+-------+-------++-------
   Fire: Shortbow          |    66 |   189 ||   255
    Use: Scroll            |     2 |     4 ||     6
 Armour: Leather armour    |     5 |       ||     5
         Ring mail         |    13 |   122 ||   135
  Dodge: Dodged            |    17 |   100 ||   117

Table legend:
 A = Non-vault XP
 B = Vault XP
 C = Vault XP percentage of total XP
 D = Non-vault monster count
 E = Vault monster count
 F = Vault count percentage of total count
                 A         B        C        D         E       F
            +---------+---------+-------+---------+---------+-------
      Total |     362 |       8 |   2.2 |      68 |       5 |   6.8
            +---------+---------+-------+---------+---------+-------
        D:1 |      25 |       7 |  21.9 |      17 |       4 |  19.0
        D:2 |      89 |       0 |   0.0 |      21 |       0 |   0.0
        D:3 |     140 |       1 |   0.7 |      19 |       1 |   5.0
        D:4 |     108 |       0 |   0.0 |      11 |       0 |   0.0
            +---------+---------+-------+---------+---------+-------
